 Dungeon Crawl Stone Soup version 0.27-a0-1273-gec92ba881d (webtiles) character file.

Game seed: 12621807086674441017

122 mordus the Poker (level 4, -1/38 HPs)
             Began as a Draconian Monk on June 11, 2021.
             Slain by Terence
             ... wielding a +0 trident
              (3 damage)
             ... on level 3 of the Dungeon.
             The game lasted 00:02:15 (2887 turns).

mordus the Poker (Draconian Monk)                   Turns: 2887, Time: 00:02:16

Health: -1/38      AC:  5    Str: 14    XL:     4   Next: 78%
Magic:  4/4        EV: 13    Int: 10    God:
Gold:   82         SH:  5    Dex: 14    Spells: 3/3 levels left

rFire    . . .     SeeInvis .   a - +0 spear
rCold    . . .     Faith    .   (no shield)
rNeg     + . .     Spirit   .   (armour unavailable)
rPois    .         Reflect  +   (helmet restricted)
rElec    .         Harm     .   (no cloak)
rCorr    .         Rampage  .   (no gloves)
Will     .....                  (no boots)
Stlth    ++........             d - amulet of reflection
HPRegen  0.12/turn              e - ring of positive energy
MPRegen  0.09/turn              (no ring)

@: flying
A: AC +5, unfitting armour, cold-blooded
a: no special abilities


You were on level 3 of the Dungeon.
You visited 1 branch of the dungeon, and saw 3 of its levels.

You collected 82 gold pieces.

Inventory:

Hand Weapons
 a - a +0 spear (weapon)
Jewellery
 d - an amulet of reflection (around neck)
 e - a ring of positive energy (left hand)
Scrolls
 b - a scroll of identify {unknown}
 c - a scroll of summoning {unknown}
 f - 2 scrolls of teleportation {unknown}
 g - a scroll of blinking {unknown}
 j - a scroll of enchant armour {unknown}
 k - a scroll of vulnerability {unknown}
Potions
 h - a potion of curing
 i - a potion of flight
 l - a potion of attraction {unknown}


   Skills:
 - Level 3.2 Fighting
 * Level 4.9 Polearms
 + Level 3.6 Dodging
 - Level 1.7 Stealth


You had 3 spell levels left.
You didn't know any spells.
Your spell library contained the following spells:

 Spells                   Type           Power      Damage    Failure   Level
 Magic Dart               Conj           0%         1d3       36%         1
 Blink                    Tloc           N/A        N/A       50%         2
 Call Imp                 Summ           0%         N/A       50%         2
 Slow                     Hex            0%         N/A       50%         2
 Conjure Flame            Conj/Fire      0%         6-21      75%         3
 Mephitic Cloud           Conj/Pois/Air  0%         N/A       75%         3


Dungeon Overview and Level Annotations

Branches:
Dungeon (3/15)

Altars:
Elyvilon

Annotations:
D:3 Terence


Innate Abilities, Weirdness & Mutations

Your plain brown scales are hard. (AC +5)
You cannot fit into any form of body armour.
You are cold-blooded and may be slowed by cold attacks.


Message History

You barely miss Terence.
Terence is heavily wounded.
You hit Terence but do no damage.
Terence is heavily wounded.
Terence hits you with a +0 trident!
* * * LOW HITPOINT WARNING * * *
You barely miss Terence.
Terence is heavily wounded.
Terence closely misses you.
You hit Terence but do no damage.
Terence is heavily wounded.
You block Terence's attack.
You hit Terence.
You tail-slap Terence, but do no damage.
Terence is heavily wounded.
Terence closely misses you.
You hit Terence but do no damage.
Terence is heavily wounded.
Terence closely misses you.
You barely miss Terence.
Terence is heavily wounded.
Terence closely misses you.
You hit Terence but do no damage.
Terence is heavily wounded.
You barely miss Terence.
Terence is heavily wounded.
You block Terence's attack.
You barely miss Terence.
Your tail-slap misses Terence.
Terence is heavily wounded.
Terence barely misses you.
You barely miss Terence.
You tail-slap Terence, but do no damage.
Terence is heavily wounded.
Terence hits you with a +0 trident!
* * * LOW HITPOINT WARNING * * *
You hit Terence but do no damage.
Terence is heavily wounded.
Terence screams, "I want your blood!" Terence hits you with a +0 trident.
You die...

#.#####.#####.##
#####.#####.#
#.#
#...........#
#.#
#.###.#.#####
#+# ##.#.#
#..#.# #.##.##
#.##.#...####
#...@@..$...+
####.#...####
#.##.## ......#
##.###.# #.# .#
#.. .# ##. .#


You could see Terence.

Vanquished Creatures
  5 adders
  A worm (D:2)
  4 dart slugs
  6 orcs (D:3)
  8 endoplasms
  4 hobgoblins
  5 jackals
  6 kobolds (D:1)
  A quokka (D:2)
  4 ball pythons
  A bat (D:1)
  3 frilled lizards
  4 goblins
  8 rats
60 creatures vanquished.

Notes
Turn   | Place    | Note
-------+----------+-------------------------------------------
     0 | D:1      | mordus the Draconian Monk began the quest for the Orb.
     0 | D:1      | Reached XP level 1. HP: 19/19 MP: 1/1
   331 | D:1      | Reached XP level 2. HP: 26/26 MP: 2/2
   385 | D:1      | HP: 1/26 [bat (1)]
   399 | D:1      | HP: 1/26 [bat (1)]
  1052 | D:1      | Reached XP level 3. HP: 23/31 MP: 3/3
  1545 | D:2      | Reached skill level 4 in Polearms
  1756 | D:2      | Found a white marble altar of Elyvilon.
  1812 | D:2      | Reached XP level 4. HP: 33/38 MP: 4/4
  2856 | D:3      | Noticed Terence
  2886 | D:3      | HP: 1/38 [Terence/+0 trident (8)]
  2887 | D:3      | Slain by Terence

Illustrated notes

Levels and vault maps discovered:
D:1:      dpeg_arrival_boxes_within_box, layout_basic, serial_park_tiny_pond
D:2:      layout_rooms, basic_altar, minmay_misc_feat_four_crosses,
          kennysheep_generic_room_11
D:3:      layout_loops_corners, uniq_terence

Skill      XL: |  1  2  3 |
---------------+----------+-----
Dodging        | 3 |  3.6
Polearms       | 4 |  4.9
Fighting       | |  3.2
Stealth        | |  1.7

Action                   |  1- 3 |  4- 6 || total
-------------------------+-------+-------++-------
Melee: Spear             |   157 |    83 ||   240
       Tailslap          |    16 |    11 ||    27
  Use: Potion            |       |     2 ||     2
 Stab: Sleeping          |     3 |     3 ||     6
Armor: Skin              |    44 |     8 ||    52
Dodge: Dodged            |    91 |    28 ||   119
Block: Other             |     5 |    11 ||    16
       Reflection        |       |     1 ||     1

Table legend: (Time is in decaauts)
 A = Elapsed time spent in this place.
 B = Non-inter-level travel time spent in this place.
 C = Inter-level travel time spent in this place.
 D = Time resting spent in this place.
 E = Time spent auto-exploring this place.
 F = Levels seen in this place.
 G = Mean time per level.
                   A        B        C        D        E       F      G
               +--------+--------+--------+--------+--------+-----+--------+
         Total |   2871 |   2823 |     48 |    606 |   1800 |   3 |  957.0 |
       Dungeon |   2871 |   2823 |     48 |    606 |   1800 |   3 |  957.0 |
               +--------+--------+--------+--------+--------+-----+--------+

Top non-repeatable levels by time:
     D:1: 1526 daAuts
     D:2: 748 daAuts
     D:3: 595 daAuts
